 Dungeon Crawl Stone Soup version 0.16.1-2-g95b8d4c (webtiles) character file.

73 DogShitOnMyToe the Grave Robber (level 4, -11/30 HPs)
             Began as a Demonspawn Necromancer on Mar 25, 2015.
             Mangled by Crazy Yiuf
             ... wielding a +3 quarterstaff of chaos
              (16 damage)
             ... on level 2 of the Dungeon.
             The game lasted 00:08:22 (2960 turns).

DogShitOnMyToe the Grave Robber (DsNe)              Turns: 2960, Time: 00:08:23

Health: -11/30     AC:  3    Str: 10    XL:     4   Next: 8%
Magic:  7/7        EV: 11    Int: 16    God:
Gold:   44         SH:  3    Dex: 13    Spells: 1 memorised, 6 levels left

rFire  . . .     SeeInvis +     r - +0 flail
rCold  . . .     Clarity  .     a - +0 robe
rNeg   . . .     SustAb   .     k - +0 buckler (curse)
rPois  .         Gourm    .     (no helmet)
rElec  .         Spirit   .     v - +0 cloak
rCorr  .         Warding  .     (no gloves)
rMut   .         Stasis   .     (no boots)
MR     .....                    (no amulet)
Stlth  ++........               (no ring)
                                o - ring of see invisible

@: not resistant to hostile enchantments, unstealthy
A: hooves 1, spiny 1
a: no special abilities


You were on level 2 of the Dungeon.
You were not hungry.

You visited 1 branch of the dungeon, and saw 2 of its levels.

You collected 44 gold pieces.

Inventory:

Hand weapons
 f - a +0 club
 r - a +0 flail (weapon)
Armour
 a - a +0 robe (worn)
 e - a +0 shield
 k - a cursed +0 buckler (worn)
 u - a cursed -1 scale mail
 v - a +0 cloak (worn)
 w - a +0 chain mail
Jewellery
 o - a ring of see invisible (left hand)
 A - a +6 ring of intelligence {unknown}
Scrolls
 h - 2 scrolls of identify {unknown}
 i - 2 scrolls of enchant weapon {unknown}
 m - a scroll of enchant armour {unknown}
 p - a scroll of magic mapping {unknown}
 q - 2 scrolls of random uselessness {unknown}
 t - a scroll of amnesia {unknown}
 y - a scroll of recharging {unknown}
Potions
 j - a potion of resistance {unknown}
 l - 2 potions of restore abilities {unknown}
 n - a potion of cure mutation {unknown}
 s - a potion of curing {unknown}
 z - a potion of agility {unknown}
Books
 b - a book of Necromancy

   Spells                             Type                      Level
   a - Pain                           Necromancy                   1
   b - Animate Skeleton               Necromancy                   1
   c - Vampiric Draining              Necromancy                   3
   d - Regeneration                   Charms/Necromancy            3
   e - Animate Dead                   Necromancy                   4
   f - Control Undead                 Necromancy                   4
Comestibles
 c - a bread ration
 d - a slice of pizza
 g - a meat ration
 x - 3 chunks of flesh


   Skills:
 + Level 1.7 Maces & Flails
 - Level 1.7 Dodging
 - Level 1.7 Stealth
 - Level 2.0 Spellcasting
 - Level 5.6 Necromancy


You had 6 spell levels left.
You knew the following spells:

 Your Spells              Type           Power        Failure   Level  Hunger
a - Pain                  Necr           ###.         3%          1    #......


Dungeon Overview and Level Annotations

Branches:
Dungeon (2/15)

Altars:
Elyvilon
Fedhas

Annotations:
D:1 1 runed door
D:2 Crazy Yiuf


Innate Abilities, Weirdness & Mutations

You have large cloven feet.
You are partially covered in sharp spines.


Message History

Crazy Yiuf whimpers, "Proton!"
Things that are here:
an enchanted dagger; a goblin corpse Crazy Yiuf cries, "Hah koolooloo wrapper!"
You hit Crazy Yiuf!
Crazy Yiuf is heavily wounded.
Crazy Yiuf hits you with a quarterstaff of chaos.
You are electrocuted!
You barely miss Crazy Yiuf.
Crazy Yiuf is heavily wounded.
Crazy Yiuf barely misses you.
Crazy Yiuf screams, "Citrus noodlescoop arm!"
You hit Crazy Yiuf.
Crazy Yiuf is heavily wounded.
Crazy Yiuf flaps his cloak.
Crazy Yiuf hits you with a quarterstaff of chaos!
* * * LOW HITPOINT WARNING * * *
Space warps horribly around you!
Ouch! That really hurt!
You die...

#####
##...#####
#........#
#....###.#
#....# #.#
♣..)P♣ #.#
♣♣P..♣
#g####
♣♣.♣♣
#.@..#
♣♣.♣
####.#
##### ♣.♣♣
##...#
....# ♣♣.♣
#..#.#
.#### ♣.♣♣
##...#
....# #.#
##..#
.#### ...
#..# .####
#...# #..#
....#
#)..# #..#


You could see Crazy Yiuf.

Vanquished Creatures
  Terence (D:2)
  2 worms (D:2)
  2 giant geckos
  8 hobgoblins
  5 jackals (D:2)
  6 kobolds
  A quokka (D:2)
  7 bats
  2 giant cockroaches
  4 giant newts
  2 goblins (D:2)
  9 rats
49 creatures vanquished.

Notes
Turn   | Place    | Note
--------------------------------------------------------------
     0 | D:1      | DogShitOnMyToe, the Demonspawn Necromancer, began the quest for the Orb.
     0 | D:1      | Reached XP level 1. HP: 13/13 MP: 3/3
     0 | D:1      | Noticed a jelly
     1 | D:1      | Noticed a jelly
     2 | D:1      | Found a runed door.
   639 | D:1      | Gained mutation: You are partially covered in sharp spines. [demonic ancestry]
   639 | D:1      | Reached XP level 2. HP: 17/19 MP: 1/4
   780 | D:1      | Reached skill level 5 in Necromancy
  1799 | D:2      | Noticed Terence
  1901 | D:2      | Killed Terence
  1901 | D:2      | Reached XP level 3. HP: 7/24 MP: 3/6
  2356 | D:2      | Found a white marble altar of Elyvilon.
  2424 | D:2      | Found a blossoming altar of Fedhas.
  2430 | D:2      | Reached skill level 1 in Maces & Flails
  2835 | D:2      | Gained mutation: You have large cloven feet. [demonic ancestry]
  2835 | D:2      | Reached XP level 4. HP: 30/30 MP: 7/7
  2939 | D:2      | Noticed Crazy Yiuf
  2960 | D:2      | Mangled by Crazy Yiuf

Action                   |  1- 3 |  4- 6 || total
-------------------------+-------+-------++-------
Melee: Club              |    27 |       ||    27
       Unarmed           |     6 |       ||     6
       Flail             |    52 |     8 ||    60
 Cast: Pain              |    52 |     3 ||    55
 Stab: Sleeping          |     1 |       ||     1
  Eat: Chunk             |     7 |       ||     7
